Map: [ESL] Cosmic Sapphire

Players

herO - Winner!

  • Race: Protoss Protoss
  • Spawn Location: 5:00

PtitDrogo

  • Race: Protoss Protoss
  • Spawn Location: 11:00

Event: DreamHack SC2 Masters 2022 Valencia

VOD

Have the link to the VOD?

Description

Time

  • Played on: July 1, 2022, 12:54 p.m.
  • Length: 8:54

All games in this series

Show
View Real Time Build Order
Export as new Build Order

herO Protoss - Winner!

Build Orders:  

Get SALT Encoding   

  12  0:00  Probe  
  13  0:12  Probe  
  14  0:17  Pylon  
  14  0:24  Probe (Chrono Boost)  
  16  0:36  Probe (Chrono Boost)  
  16  0:37  Gateway  
  16  0:43  Probe (Chrono Boost)  
  16  0:47  Assimilator  
  17  0:50  Probe  
  18  1:03  Probe (Chrono Boost)  
  19  1:04  Assimilator  
  19  1:11  Gateway  
  19  1:13  Probe (Chrono Boost)  
  19  1:18  Probe (Chrono Boost)  
  20  1:25  Cybernetics Core  
  21  1:29  Probe  
  22  1:38  Pylon  
  22  1:42  Probe  
  23  1:56  Probe  
  23  1:58  Warp Gate (Chrono Boost)  
  23  2:01  Stalker, Adept  
  28  2:14  Pylon  
  28  2:31  Stalker x2  
  31  2:51  Nexus  
  31  3:01  Sentry  
  31  3:02  Sentry  
  31  3:04  Shield Battery  
  35  3:06  Probe  
  36  3:18  Probe  
  36  3:19  Pylon  
  37  3:30  Robotics Facility, Probe  
  38  3:40  Sentry  
  40  3:42  Probe  
  40  3:44  Stalker  
  43  3:54  Probe  
  42  4:04  Probe  
  42  4:06  Stalker x2, Probe  
  48  4:17  Warp Prism (Chrono Boost)  
  48  4:24  Probe  
  51  4:25  Probe  
  52  4:39  Probe x2  
  54  4:47  Stalker x2  
  54  4:50  Observer  
  54  4:51  Probe x2  
  52  5:03  Probe x2  
  48  5:13  Immortal (Chrono Boost)  
  45  5:15  Probe x2  
  51  5:24  Adept x2  
  51  5:27  Probe x2  
  55  5:39  Twilight Council, Probe x2  
  57  5:48  Adept x2, Pylon  
  61  5:51  Probe  
  62  5:57  Gateway  
  62  6:01  Assimilator  
  62  6:07  Probe x2  
  62  6:09  Immortal  
  66  6:19  Probe  
  66  6:20  Probe  
  66  6:26  Blink (Chrono Boost)  
  66  6:31  Probe  
  66  6:32  Probe  
  64  6:35  Observer  
  64  6:36  Assimilator  
  64  6:41  Gateway  
  64  6:42  Shield Battery  
  64  6:43  Probe  
  64  6:45  Pylon  
  65  6:48  Gateway  
  65  6:49  Dark Shrine  
  66  6:55  Probe  
  66  6:56  Observer  
  66  7:00  Stalker  
  69  7:04  Observer  
  69  7:07  Pylon  
  69  7:08  Stalker  
  69  7:10  Pylon  
  69  7:12  Gateway  
  71  7:20  Immortal  
  75  7:24  Pylon  
  75  7:37  Stalker x2  
  77  7:40  Stalker, Pylon  
  77  7:43  Pylon  
  81  7:56  Nexus  
  81  7:58  Observer  
  81  8:05  Stalker  
  81  8:06  Stalker x2  
  87  8:13  Probe  
  87  8:14  Probe  
  89  8:28  Dark Templar x3  
  89  8:30  Observer, Probe x2  
  97  8:35  Shield Battery  
  97  8:38  Pylon  
Show
View Real Time Build Order
Export as new Build Order

PtitDrogo Protoss 

Build Orders:  

Get SALT Encoding   

  12  0:00  Probe  
  13  0:12  Probe  
  14  0:18  Pylon  
  14  0:26  Probe (Chrono Boost)  
  15  0:37  Gateway  
  15  0:39  Probe (Chrono Boost)  
  16  0:46  Assimilator, Probe (Chrono Boost)  
  17  0:53  Probe  
  17  0:55  Assimilator  
  18  1:05  Probe (Chrono Boost)  
  18  1:09  Gateway  
  19  1:15  Probe (Chrono Boost)  
  20  1:20  Probe (Chrono Boost)  
  21  1:26  Cybernetics Core  
  21  1:32  Probe  
  22  1:38  Pylon  
  22  1:44  Probe  
  23  1:56  Probe  
  23  2:00  Warp Gate (Chrono Boost)  
  24  2:04  Sentry  
  24  2:06  Stalker  
  28  2:11  Pylon  
  28  2:32  Probe  
  29  2:41  Stalker  
  30  2:49  Nexus  
  30  2:51  Probe  
  31  2:58  Shield Battery  
  31  3:03  Probe  
  30  3:16  Probe  
  31  3:24  Sentry x2  
  35  3:28  Twilight Council, Probe  
  35  3:30  Pylon  
  36  3:40  Probe  
  37  3:52  Probe (Chrono Boost)  
  37  4:02  Blink (Chrono Boost)  
  39  4:04  Probe x2 (Chrono Boost)  
  39  4:08  Adept  
  39  4:09  Adept  
  43  4:11  Probe x2 (Chrono Boost)  
  43  4:16  Probe (Chrono Boost)  
  45  4:18  Probe  
  47  4:28  Probe  
  47  4:29  Stalker x2  
  52  4:31  Probe  
  42  4:58  Stalker x2  
  41  5:04  Probe  
  36  5:10  Probe  
  35  5:15  Gateway  
  35  5:16  Probe  
  36  5:21  Stalker  
  36  5:22  Stalker, Probe  
  39  5:28  Probe  
  39  5:34  Probe  
  41  5:40  Probe  
  42  5:46  Adept  
  42  5:47  Probe  
  45  5:50  Stalker  
  45  5:53  Probe  
  48  5:59  Probe  
  47  6:05  Probe  
  47  6:11  Probe  
  46  6:17  Stalker x2  
  50  6:19  Probe  
  50  6:23  Probe  
  50  6:35  Probe (Chrono Boost)  
  50  6:36  Probe (Chrono Boost)  
  52  6:42  Stalker x2  
  52  6:47  Probe x2 (Chrono Boost)  
  58  6:51  Probe x2 (Chrono Boost)  
  58  6:52  Pylon  
  58  6:54  Nexus  
  60  7:02  Gateway, Probe  
  60  7:07  Probe  
  62  7:08  Pylon  
  62  7:14  Charge (Chrono Boost), Probe  
  63  7:22  Dark Shrine  
  63  7:24  Gateway  
  63  7:27  Gateway  
  63  7:31  Assimilator  
  63  7:35  Gateway  
  63  7:36  Gateway  
  63  7:49  Shield Battery  
  63  7:50  Shield Battery  
  63  7:52  Pylon  
  63  7:53  Stalker x3  
  63  7:58  Sentry  
  67  8:16  Nexus, Pylon  
  67  8:27  Zealot x5  
  70  8:34  Dark Templar x3  
  82  8:47  Stalker x3  

Tags
 
Add a new tag
Caveats
  • Supply blocks, unpowered buildings, or Contaminate may cause inaccurate times.
  • Supply counts are checked every 10 seconds.